 Dungeon Crawl Stone Soup version 0.24-a0-537-g2d01d4ab0a (webtiles) character file.

Game seed: 7668626337566092063

18 Mithandil the Skirmisher (level 2, 0/24 HPs)
             Began as a Demonspawn Abyssal Knight on Aug 15, 2019.
             Was a Follower of Lugonu.
             Slain by a leopard gecko (1 damage)
             ... on level 1 of the Dungeon.
             The game lasted 00:02:37 (365 turns).

Mithandil the Skirmisher (Demonspawn Abyssal Knight) Turns: 365, Time: 00:02:41

Health: 0/24       AC:  5    Str: 12    XL:     2   Next: 51%
Magic:  4/4        EV: 10    Int: 13    God:    Lugonu [*.....]
Gold:   27         SH:  0    Dex: 12    Spells: 1/1 levels left

rFire    . . .     SeeInvis +   a - +1 falchion
rCold    . . .     Gourm    .   (no shield)
rNeg     . . .     Faith    .   d - +0 ring mail
rPois    .         Spirit   .   (helmet restricted)
rElec    .         Reflect  .   (no cloak)
rCorr    .         Harm     .   (no gloves)
MR       .....                  (no boots)
Stlth    +.........             (no amulet)
HPRegen  0.08/turn              f - ring of see invisible
MPRegen  0.09/turn              (no ring)

@: no status effects
A: horns 1
a: Depart the Abyss, Renounce Religion


You were on level 1 of the Dungeon.
You worshipped Lugonu.
Lugonu was aware of your devotion.
You were not hungry.

You visited 1 branch of the dungeon, and saw 2 of its levels.
You visited the Abyss 1 time.

You collected 27 gold pieces.

Inventory:

Hand Weapons
 a - a +1 falchion (weapon)
Missiles
 e - 5 stones (quivered)
Armour
 d - a +0 ring mail (worn)
Jewellery
 f - a ring of see invisible (left hand)
Comestibles
 b - 9 chunks of flesh
 c - 2 rations


   Skills:
 + Level 3.0 Fighting
 * Level 2.2 Long Blades
 + Level 2.0 Armour
 + Level 1.1 Dodging
 + Level 0.2 Unarmed Combat
 + Level 2.7 Invocations


You had one spell level left.
You didn't know any spells.
Your spell library was empty.

Dungeon Overview and Level Annotations

Branches:
Dungeon (2/15)

Altars:


Innate Abilities, Weirdness & Mutations

You have a pair of small horns on your head.


Message History

You miss the leopard gecko. The bat barely misses you.
You riposte.
You barely miss the bat. The leopard gecko barely misses you.
You hit the leopard gecko. Your headbutt misses the leopard gecko.
The leopard gecko is heavily wounded.
The leopard gecko bites you but does no damage. x2
The leopard gecko bites you.
* * * LOW HITPOINT WARNING * * *
You closely miss the leopard gecko.
The leopard gecko is heavily wounded.
The leopard gecko closely misses you.
You riposte.
You hit the leopard gecko. Your headbutt misses the leopard gecko.
The leopard gecko is heavily wounded.
The leopard gecko bites you but does no damage.
You barely miss the leopard gecko. Your headbutt misses the leopard gecko.
The leopard gecko is heavily wounded.
The leopard gecko closely misses you.
You riposte.
You miss the leopard gecko.
The leopard gecko is heavily wounded.
The leopard gecko bites you but does no damage.
The leopard gecko bites you.
You die...

#### ...## ....## .....#
. .....# .. .....# ##
#..# ....## .#...##
...## ###l...... #####
###.@l...... ....####
#...##......
###....######(####......
####................?.
#...####.######...!.
#....#..##..# ..
...#####.##.## # ##
#....# ###..#


You could see 2 leopard geckos.

Vanquished Creatures
  A leopard gecko (D:1)
  A bat (D:1)
  A giant cockroach (D:1)
  4 goblins (D:1)
  3 hobgoblins (D:1)
  3 kobolds (D:1)
  A frilled lizard (D:1)
  A rat (D:1)
15 creatures vanquished.

Notes
Turn   | Place    | Note
-------+----------+-------------------------------------------
     0 | Abyss:1  | Mithandil the Demonspawn Abyssal Knight began the quest for
                  | the Orb.
     0 | Abyss:1  | Reached XP level 1. HP: 18/18 MP: 2/2
    79 | Abyss:1  | Noticed a profane servitor
    80 | Abyss:1  | Noticed a small abomination
    87 | D:1      | Escaped the Abyss
   158 | D:1      | Reached skill level 1 in Dodging
   167 | D:1      | Reached * piety under Lugonu
   167 | D:1      | Gained mutation: You have a pair of small horns on your
                  | head. [demonic ancestry]
   167 | D:1      | Reached XP level 2. HP: 19/24 MP: 3/3
   363 | D:1      | HP: 1/24 [leopard gecko (4)]
   365 | D:1      | Slain by a leopard gecko

Levels and vault maps discovered:
D:1:      tarquinn_simple_flora_water_c, layout_rooms
D:2:      layout_basic, uniq_crazy_yiuf_cottage

Skill      XL: |  1  2 |
---------------+-------+-----
Dodging        | 1 |  1.1
Long Blades    | 2 |  2.2
Armour         | 2 |  2.0
Fighting       | |  3.0
Unarmed Combat | |  0.2
Invocations    | |  2.7

Action                   || total
-------------------------++-------
Melee: Falchion          ||    39
Invok: Depart the Abyss  ||     1
  Use: Scroll            ||     1
Armor: Ring mail         ||    32
Dodge: Dodged            ||    25
       Rpst.: Falchion   ||     8

Table legend:
 A = Non-vault XP
 B = Vault XP
 C = Vault XP percentage of total XP
 D = Non-vault monster count
 E = Vault monster count
 F = Vault count percentage of total count
                 A         B        C        D         E       F
            +---------+---------+-------+---------+---------+-------
      Total |      27 |       0 |   0.0 |      15 |       0 |   0.0
            +---------+---------+-------+---------+---------+-------
        D:1 |      27 |       0 |   0.0 |      15 |       0 |   0.0
            +---------+---------+-------+---------+---------+-------
